 Dungeon Crawl Stone Soup version 0.29.0-4-gdea44cf6ec (webtiles) character file.

Game seed: 7103268507047289700

372 qw the Chopper (level 6, 0/36 HPs)
             Began as a Tengu Warper on Aug 28, 2022.
             Slain by an iguana (8 damage)
             ... on level 5 of the Dungeon.
             The game lasted 00:00:20 (3269 turns).

qw the Chopper (Tengu Warper)                       Turns: 3269, Time: 00:00:20

Health: 0/36       AC: 12    Str: 12    XL:     6   Next: 71%
Magic:  10/10      EV: 13    Int: 12    God:
Gold:   207        SH:  0    Dex: 18    Spells: 9/9 levels left

rFire   . . .      SeeInvis +   c - +0 hand axe (spect)
rCold   . . .      Faith    .   (no shield)
rNeg    + . .      Spirit   .   e - +3 ring mail {rN+}
rPois   .          Reflect  .   (helmet restricted)
rElec   .          Harm     .   (no cloak)
rCorr   .          Rampage  .   (no gloves)
Will    .....                   (boots unavailable)
Stlth   +.........              (no amulet)
HPRegen 0.12/turn               d - +4 ring of protection
MPRegen 0.12/turn               g - ring of see invisible

@: about to teleport, flying quickly and evasively, quick
A: beak, talons 3, nimble flight, agile 1, wild magic 1
a: no special abilities


You were on level 5 of the Dungeon.
You visited 1 branch of the dungeon, and saw 5 of its levels.

You collected 207 gold pieces.


Innate Abilities, Weirdness & Mutations

You have a beak for a mouth.
You have claws for feet.
Your magical nature lets you fly swiftly and evasively.
You are agile. (Dex +4, Str/Int -1)
Your spells are a little harder to cast, but a little more powerful.


   Skills:
 + Level 2.8 Fighting
 - Level 7.2 Axes
 - Level 1.0 Throwing
 - Level 1.1 Armour
 - Level 2.1 Dodging
 - Level 2.0 Spellcasting
 - Level 2.4 Translocations


You had 9 spell levels left.
You didn't know any spells.
Your spell library contained the following spells:

 Spells                   Type           Power      Damage    Failure   Level
 Blink                    Tloc           18%        N/A       43%         2
 Gell's Gravitas          Tloc           9%         N/A       65%         3
 Lesser Beckoning         Tloc           9%         N/A       65%         3
 Teleport Other           Tloc           9%         N/A       65%         3
 Manifold Assault         Tloc           9%         N/A       100%        5

Inventory:

Hand Weapons
 c - a +0 spectral hand axe (weapon)
 k - a +0 whip
Armour
 e - a +3 ring mail of positive energy (worn)
Jewellery
 d - a +4 ring of protection (left hand)
 g - a ring of see invisible (right hand)
 p - a +4 ring of evasion
Scrolls
 b - a scroll of identify
Potions
 f - 4 potions of curing
 h - a potion of heal wounds
 i - a potion of mutation
 j - a potion of resistance
 l - a potion of flight {unknown}
 o - a potion of haste {unknown}
 q - a potion of brilliance {unknown}
 r - a potion of cancellation {unknown}
 s - a potion of might {unknown}

Dungeon Overview and Level Annotations

Branches:
Dungeon (5/15)             Temple (0/1) D:5

Altars:
Ashenzari

Shops:
D:4 :


Message History

The iguana completely misses your +0 spectral hand axe.
The orc barely misses you.
The orc hits your +0 spectral hand axe with a +1 antimagic war axe.
Your spectral weapon shares its damage with you!
You barely miss the orc.
The orc is lightly wounded.
Your +0 spectral hand axe closely misses the orc.
Your +0 spectral hand axe hits the iguana.
Your +0 spectral hand axe hits the iguana!
The iguana bites your +0 spectral hand axe!
Your spectral weapon shares its damage with you!
The orc hits you with a +1 antimagic war axe.
The orc barely misses your +0 spectral hand axe.
You barely miss the iguana. Your kick misses the iguana.
The iguana is moderately wounded.
You hit the orc but do no damage.
Your +0 spectral hand axe hits the orc.
Your +0 spectral hand axe hits the iguana but does no damage.
The iguana misses you.
The iguana barely misses your +0 spectral hand axe.
The orc closely misses your +0 spectral hand axe.
The orc closely misses you.
You closely miss the orc.
The orc is heavily wounded.
You closely miss the iguana.
Your +0 spectral hand axe hits the iguana.
Your +0 spectral hand axe hits the orc.
You kill the orc!
The iguana bites you.
You barely miss the iguana.
The iguana is heavily wounded.
You hit the iguana.
Your +0 spectral hand axe hits the iguana.
Your +0 spectral hand axe completely misses the iguana.
The iguana bites you. x2
3269 ||| READING scroll of teleportation.
As you read the scroll of teleportation, it crumbles to dust.
You feel strangely unstable. The iguana bites you!
You die...

####)....#####
.............#
#..#.#.#.#.#.###
##.............
...#.......#.#
......ยค......#
#(.#..l>l..#.#
#......@.....####
#..#....)..#....#
#...............#
##.#.#.#.#.#....#
#..............#
#######.....(..###
##.........###
####...##....
##.......#


You could see 2 iguanas.

Vanquished Creatures
  2 scorpions (D:5)
  2 hounds (D:5)
  An orc priest (D:5)
  A jelly (D:5)
  An orc wizard (D:5)
  4 adders
  4 worms
  3 dart slugs
  3 orcs (D:5)
  4 ball pythons
  8 bats
  2 endoplasms
  2 giant cockroaches
  2 goblins
  4 hobgoblins
  7 quokkas
  3 frilled lizards
  4 kobolds
  4 rats
61 creatures vanquished.

Notes
Turn   | Place    | Note
-------+----------+-------------------------------------------
     0 | D:1      | qw the Tengu Warper began the quest for the Orb.
     0 | D:1      | Reached XP level 1. HP: 12/12 MP: 4/4
     0 | D:1      | 0 ||| qw: Version: 0.1-a-89-g26bdef1
     0 | D:1      | 0 ||| qw: Game counter: 2159
     0 | D:1      | 0 ||| qw: Always use a shield: true
     0 | D:1      | 0 ||| qw: God list: Okawaru
     0 | D:1      | 0 ||| qw: Allow faded altars: false
     0 | D:1      | 0 ||| qw: Do Orc after D:15 true
     0 | D:1      | 0 ||| qw: Do second Lair branch before Depths: true
     0 | D:1      | 0 ||| qw: Lair rune preference: random
     0 | D:1      | 0 ||| qw: Plans: Normal
     0 | D:1      | 0 ||| PLANNING D:1-11
   200 | D:1      | 200 ||| Stepping ~*~*~tactically~*~*~ (hiding).
   302 | D:1      | 302 ||| Stepping ~*~*~tactically~*~*~ (hiding).
   305 | D:1      | 305 ||| Stepping ~*~*~tactically~*~*~ (hiding).
   356 | D:1      | Reached XP level 2. HP: 17/17 MP: 6/6
   415 | D:1      | 415 ||| Stepping ~*~*~tactically~*~*~ (stealth).
   416 | D:1      | 416 ||| Stepping ~*~*~tactically~*~*~ (stealth).
   419 | D:1      | Reached skill level 3 in Axes
   572 | D:1      | Found a faded altar of an unknown god.
   832 | D:1      | 832 ||| UPGRADING to +0 ring mail.
   842 | D:1      | 842 ||| DROPPING +0 leather armour.
   843 | D:1      | 843 ||| UPGRADING to +4 ring of protection.
   844 | D:1      | 844 ||| READING 3 scrolls labelled OLUEGA QOEN.
   847 | D:1      | 847 ||| READING scroll labelled PEMMUY EMEL.
   848 | D:1      | 848 ||| DRINKING 2 murky ruby potions.
   949 | D:1      | 949 ||| DRINKING 2 emerald potions.
   950 | D:1      | 950 ||| DRINKING 2 murky yellow potions.
   950 | D:1      | Gained mutation: You are agile. (Dex +4, Str/Int -1)
                  | [potion of mutation]
   950 | D:1      | Gained mutation: Your spells are a little harder to cast,
                  | but a little more powerful. [potion of mutation]
   951 | D:1      | 951 ||| DROPPING scroll of blinking.
   952 | D:1      | 952 ||| DROPPING potion of ambrosia.
   970 | D:2      | 970 ||| STAIRDANCE
   979 | D:1      | Reached XP level 3. HP: 20/21 MP: 7/7
  1030 | D:2      | Reached skill level 4 in Axes
  1314 | D:2      | Reached XP level 4. HP: 24/26 MP: 8/8
  1641 | D:2      | 1641 ||| DROPPING scarf of harm.
  1642 | D:2      | 1642 ||| UPGRADING to +3 ring mail of positive energy.
  1652 | D:2      | 1652 ||| DROPPING +0 ring mail.
  1653 | D:2      | 1653 ||| READING 2 scrolls labelled NUOBUNU IFIAFE.
  1654 | D:2      | 1654 ||| READING scroll labelled URHAECLO XIAX.
  1655 | D:2      | 1655 ||| READING scroll labelled JUISEL NIOMOSH.
  1992 | D:3      | 1992 ||| Stepping ~*~*~tactically~*~*~ (stealth).
  1993 | D:3      | 1993 ||| Stepping ~*~*~tactically~*~*~ (stealth).
  1994 | D:3      | 1994 ||| Stepping ~*~*~tactically~*~*~ (stealth).
  1995 | D:3      | 1995 ||| Stepping ~*~*~tactically~*~*~ (stealth).
  1999 | D:3      | 1999 ||| Stepping ~*~*~tactically~*~*~ (stealth).
  2235 | D:3      | 2235 ||| UPGRADING to ring of see invisible.
  2236 | D:3      | 2236 ||| DROPPING ring of ice.
  2237 | D:3      | 2237 ||| READING scroll labelled MAQYOSANINK.
  2238 | D:3      | 2238 ||| DRINKING 2 fizzy inky potions.
  2261 | D:4      | 2261 ||| PLANNING SEWER
  2309 | D:4      | Found Teinujyi's Self-Improvement Boutique.
  2448 | D:4      | Reached skill level 5 in Axes
  2533 | D:4      | 2533 ||| Stepping ~*~*~tactically~*~*~ (hiding).
  2740 | D:4      | Found a broken altar of Ashenzari.
  2985 | D:4      | Found a glowing drain.
  2997 | D:4      | 2997 ||| READING scroll labelled EHUKEP XIAG.
  2998 | D:4      | 2998 ||| DRINKING 2 yellow potions.
  2999 | D:4      | 2999 ||| READING 2 scrolls of identify.
  2999 | D:4      | 2999 ||| IDENTIFYING glowing puce potion
  3000 | D:4      | 3000 ||| DROPPING potion of attraction.
  3001 | D:4      | 3001 ||| READING 2 scrolls of teleportation.
  3002 | D:4      | 3002 ||| RIP SEWER
  3002 | D:4      | 3002 ||| PLANNING D:1-11
  3126 | D:5      | Entered Level 5 of the Dungeon
  3127 | D:5      | 3127 ||| PLANNING OSSUARY
  3144 | D:5      | Gained mutation: Your magical nature lets you fly swiftly
                  | and evasively. [Tengu growth]
  3144 | D:5      | Reached XP level 5. HP: 21/30 MP: 9/9
  3239 | D:5      | Found a staircase to the Ecumenical Temple.
  3240 | D:5      | 3240 ||| PLANNING TEMPLE
  3251 | D:5      | Reached skill level 6 in Axes
  3261 | D:5      | Reached XP level 6. HP: 28/35 MP: 10/10
  3264 | D:5      | Reached skill level 7 in Axes
  3268 | D:5      | HP: 8/36 [iguana (2)]
  3269 | D:5      | 3269 ||| READING scroll of teleportation.
  3269 | D:5      | Slain by an iguana

Levels and vault maps discovered:
D:1:      elethiomel_arrival_maze, layout_basic, ebering_ecumenical_altar_box,
          minmay_misc_feat_more_columns
D:2:      layout_rooms, corexii_hall_statues_s
D:3:      layout_basic, st_stairs_12, chequers_hall_statues_y,
          lemuel_another_geyser
D:4:      layout_gridville, kennysheep_mini, serial_glass, glass_columns_a,
          glass_columns_a, glass_columns_b, gup_sewer_entry_bubbles,
          nicolae_kite_square_tiling_tiny, kennysheep_path_1,
          nicolae_shop_self_help
D:5:      layout_rooms, minmay_temple_entry_glass,
          nicolae_ossuary_entry_false_entrances

Skill      XL: |  1  2  3  4  5  6 |
---------------+-------------------+-----
Axes           | 3 4 5 6 7 |  7.2
Fighting       | |  2.8
Throwing       | |  1.0
Armour         | |  1.1
Dodging        | |  2.1
Spellcasting   | |  2.0
Translocations | |  2.4

Action                   |  1- 3 |  4- 6 || total
-------------------------+-------+-------++-------
Melee: Hand axe          |    64 |    65 ||   129
       Kick              |    11 |    13 ||    24
       Peck              |    12 |    12 ||    24
       Punch             |     1 |       ||     1
Throw: Boomerang         |     7 |       ||     7
  Use: Potion            |     3 |     2 ||     5
       Scroll            |     2 |     8 ||    10
 Stab: Distracted        |       |     1 ||     1
Armor: Leather armour    |     8 |       ||     8
       Ring mail         |    12 |    19 ||    31
Dodge: Dodged            |    42 |    27 ||    69

Table legend:
 A = Non-vault XP
 B = Vault XP
 C = Vault XP percentage of total XP
 D = Non-vault monster count
 E = Vault monster count
 F = Vault count percentage of total count
                 A         B        C        D         E       F
            +---------+---------+-------+---------+---------+-------
      Total |     513 |      19 |   3.6 |      53 |       8 |  13.1
            +---------+---------+-------+---------+---------+-------
        D:1 |      34 |       0 |   0.0 |      13 |       0 |   0.0
        D:2 |      56 |       0 |   0.0 |      18 |       0 |   0.0
        D:3 |      12 |       3 |  20.0 |       7 |       2 |  22.2
        D:4 |      26 |      16 |  38.1 |       5 |       6 |  54.5
        D:5 |     385 |       0 |   0.0 |      10 |       0 |   0.0
            +---------+---------+-------+---------+---------+-------
